 Dungeon Crawl Stone Soup version 0.24.0-123-gd5b16e6ec5 (webtiles) character file.

Game seed: 14878460150887844545, levelgen mode: deterministic

219268 Lemonice the Maledictor (level 18, -6/64 HPs)
             Began as a Felid Wizard on Feb 5, 2020.
             Was the Champion of Vehumet.
             Killed from afar by a green death (34 damage)
             ... with a poison arrow
             ... summoned by Asterion
             ... on level 1 of the Elven Halls on Feb 8, 2020.
             The game lasted 10:27:27 (96435 turns).

Lemonice the Maledictor (Felid Wizard)             Turns: 96435, Time: 10:27:28

Health: -6/64      AC:  3    Str:  3    XL:     18   Next: 44%
Magic:  12/45      EV: 34    Int: 27    God:    Vehumet [******]
Gold:   792        SH:  0    Dex: 21    Spells: 0/43 levels left
                                        Lives:  0   Deaths: 3

rFire    . . .     SeeInvis +   (weapon unavailable)
rCold    + . .     Gourm    .   (shield unavailable)
rNeg     . . .     Faith    .   (armour unavailable)
rPois    .         Spirit   .   (helmet unavailable)
rElec    .         Reflect  .   (cloak unavailable)
rCorr    .         Harm     .   (gloves unavailable)
MR       ++...                  (boots unavailable)
Stlth    ++++++++..             u - amulet "Guruiggayla" {Acrobat Slay+2}
HPRegen  0.20/turn              q - +5 ring of dexterity
MPRegen  0.29/turn              m - ring of magical power

@: lethally poisoned (-6 -> -17), very slightly contaminated, studying Earth
Magic, quick
A: very small, no armour, no weapons or thrown items, stealth, claws 1, fangs 3,
see invisible, carnivore, speed 1, shaggy fur 3, slow metabolism 1, sharp paws
}: 1/15 runes: serpentine
a: Renounce Religion


You were on level 1 of the Elven Halls.
You worshipped Vehumet.
Vehumet was exalted by your worship.
You were not hungry.

You visited 10 branches of the dungeon, and saw 37 of its levels.
You visited 1 bazaar.
You also visited: Ice Cave.

You collected 3361 gold pieces.
You spent 2569 gold pieces at shops.

Inventory:

Jewellery
 h - a +4 ring of strength
 m - a ring of magical power (right paw)
 q - a +5 ring of dexterity (left paw)
 u - the amulet "Guruiggayla" (around neck) {Acrobat Slay+2}
   (You acquired it on level 2 of the Orcish Mines)

   [amulet of the acrobat]

   It helps you evade while moving and waiting.
   It affects your accuracy and damage with ranged weapons and melee attacks
   (+2).
 x - an uncursed ring of protection from fire
 z - an uncursed ring of resist corrosion
 A - the ring of Cadghanie {*Slow +Fly Str+9 Stlth+}
   (You found it on level 6 of the Dungeon)

   [ring of flight]

   It affects your strength (+9).
   It lets you fly.
   It may slow you when you take damage.
   It makes you more stealthy.
 G - an uncursed ring of positive energy
 J - an uncursed ring of poison resistance
 N - an uncursed amulet of magic regeneration
 O - an uncursed ring of protection from magic
 Q - an uncursed ring of fire
Wands
 a - a wand of acid (20)
 r - a wand of flame (35)
 s - a wand of disintegration (36)
 v - a wand of enslavement (16)
 w - a wand of iceblast (14)
 C - a wand of digging (1)
 M - a wand of clouds (6)
 X - a wand of polymorph (10)
Scrolls
 d - 17 scrolls of remove curse
 j - 6 scrolls of immolation
 p - 12 scrolls of teleportation
 D - a scroll of amnesia
 I - 5 scrolls of fog
 K - a scroll of fear
 P - 2 scrolls of holy word
 Y - 2 scrolls of torment
Potions
 c - 4 potions of brilliance
 f - 7 potions of haste
 g - 7 potions of flight
 k - 9 potions of curing
 l - 7 potions of might
 n - 7 potions of lignification
 t - 3 potions of ambrosia {unknown}
 B - 7 potions of agility
 F - a potion of magic {unknown}
 H - 5 potions of resistance
 L - 6 potions of mutation {unknown}
 R - a potion of invisibility
 U - a potion of cancellation {unknown}
 V - 3 potions of heal wounds
Books
 E - a manual of Earth Magic
Miscellaneous
 i - a sack of spiders
 o - a fan of gales
 S - a crystal ball of energy
 T - a phantom mirror
Comestibles
 b - 40 rations


   Skills:
 - Level 16.0 Dodging
 - Level 18.5 Stealth
 - Level 13.0 Spellcasting
 * Level 18.5 Conjurations
 * Level 22.0 Hexes
   Level 1.0 Summonings
 - Level 3.1 Translocations
   Level 2.0 Fire Magic
   Level 4.0 Air Magic
 * Level 11.8 Earth Magic
   Level 4.0 Poison Magic
 - Level 4.0 Evocations


You couldn't memorise any spells.
You knew the following spells:

 Your Spells              Type           Power        Failure   Level  Hunger
a - Iskenderun's Mystic   Conj           #######.     0%          4    None
b - Discord               Hex            #######...   2%          8    #######
c - Lehudib's Crystal Sp  Conj/Erth      #######...   11%         8    #######
e - Blink                 Tloc           N/A          1%          2    None
h - Dazzling Spray        Conj/Hex       ######       0%          3    None
i - Force Lance           Conj/Tloc      ######..     1%          4    None
j - Confuse               Hex            #######.     0%          3    None
k - Fulminant Prism       Conj/Hex       #######...   0%          4    None
l - Orb of Destruction    Conj           #######...   1%          7    ######.

Your spell library contained the following spells:

 Spells                   Type           Power        Failure   Level  Hunger
 Chain Lightning          Conj/Air       ######....   45%         8    #######
 Glaciate                 Conj/Ice       ######....   100%        9    #######
 Confusing Touch          Hex            ######       0%          1    None
 Corona                   Hex            #######      0%          1    None
 Magic Dart               Conj           ####         0%          1    None
 Searing Ray              Conj           ######       0%          2    None
 Slow                     Hex            #######.     0%          2    None
 Tukima's Dance           Hex            #######.     0%          3    None
 Cause Fear               Hex            #######...   0%          4    None
 Apportation              Tloc           ####..       1%          1    None
 Flame Tongue             Conj/Fire      #####        1%          1    None
 Sting                    Conj/Pois      ####         1%          1    None
 Summon Small Mammal      Summ           ###.         1%          1    None
 Ensorcelled Hibernation  Hex/Ice        ######       1%          2    None
 Poisonous Vapours        Pois/Air       #####.       1%          2    None
 Throw Flame              Conj/Fire      ######       1%          2    None
 Conjure Flame            Conj/Fire      ######..     1%          3    None
 Ignite Poison            Fire/Tmut/Pois ####....     1%          3    None
 Inner Flame              Hex/Fire       ######..     1%          3    None
 Mephitic Cloud           Conj/Pois/Air  ######..     1%          3    None
 Summon Guardian Golem    Hex/Summ       ######..     1%          3    None
 Sticky Flame             Conj/Fire      ######..     1%          4    None
 Bolt of Draining         Conj/Necr      ######....   1%          5    ##.....
 Fireball                 Conj/Fire      ######....   1%          5    ##.....
 Irradiate                Conj/Tmut      ######....   1%          5    ##.....
 Metabolic Englaciation   Hex/Ice        ######....   1%          5    ##.....
 Silence                  Hex/Air        ######....   1%          5    ##.....
 Yara's Violent Unravell  Hex/Tmut       ######....   1%          5    ##.....
 Iron Shot                Conj/Erth      #######...   1%          6    ####...
 Gell's Gravitas          Tloc           ####......   2%          3    None
 Petrify                  Tmut/Erth      #####...     2%          4    None
 Animate Skeleton         Necr           N/A          3%          1    None
 Beastly Appendage        Tmut           ###...       3%          1    None
 Call Imp                 Summ           ###.....     3%          2    None
 Bolt of Cold             Conj/Ice       ######....   3%          6    ####...
 Corpse Rot               Necr           N/A          4%          2    None
 Sticks to Snakes         Tmut           ###.....     4%          2    None
 Sublimation of Blood     Necr           ###.......   4%          2    None
 Spider Form              Tmut/Pois      ####......   4%          3    None
 Call Canine Familiar     Summ           ###.....     6%          3    None
 Freezing Cloud           Conj/Ice/Air   ######....   6%          6    ####...
 Summon Lightning Spire   Summ/Air       ####....     11%         4    None
 Summon Ice Beast         Ice/Summ       ###.....     26%         4    None
 Ice Form                 Ice/Tmut       ###.....     30%         4    None
 Alistair's Intoxication  Tmut/Pois      ####....     36%         5    ##.....
 Agony                    Necr           ###.....     65%         5    ##.....
 Blade Hands              Tmut           ###.......   65%         5    ##.....
 Dispel Undead            Necr           ###.....     65%         5    ##.....
 Ozocubu's Refrigeration  Ice            ###.......   71%         6    ####...
 Dispersal                Tloc           ####......   80%         6    ####...
 Deflect Missiles         Chrm/Air       ####......   91%         6    ####...
 Simulacrum               Ice/Necr       ###.......   99%         6    ####...
 Ring of Flames           Chrm/Fire      ###.......   100%        7    ######.
 Controlled Blink         Tloc           N/A          100%        8    #######
 Disjunction              Tloc           ####......   100%        8    #######
 Portal Projectile        Hex/Tloc       Unusable     N/A         3    N/A
 Excruciating Wounds      Chrm/Necr      Unusable     N/A         5    N/A

Dungeon Overview and Level Annotations

Branches:
Dungeon (15/15)            Temple (1/1) D:7            Lair (6/6) D:11
 Shoals (1/4) Lair:4        Snake (4/4) Lair:4        Slime (1/5) Lair:6
    Orc (2/2) D:12            Elf (2/3) Orc:2        Vaults (4/5) D:13
  Crypt (0/3) Vaults:3     Depths (1/5) D:15          IceCv (visited)

Altars:
Ashenzari
Cheibriados
Dithmenos
Elyvilon
Fedhas
Gozag
Hepliaklqana
Kikubaaqudgha
Makhleb
Nemelex Xobeh
Okawaru
Qazlal
Ru
Sif Muna
Trog
Uskayaw
Vehumet
Wu Jian
Xom
Yredelemnul
Zin
The Shining One
Beogh
Jiyva

Shops:
D:8 %   D:15 [   Orc:2 [:*=   Elf:1 [   Elf:2 =:%   Vaults:1 (   Vaults:2 :
Vaults:3 (

Portals:
Hell: Depths:1

Annotations:
Elf:1 Asterion
Depths:1 6 runed translucent doors


Innate Abilities, Weirdness & Mutations

You cannot wear armour.
You are incapable of wielding weapons or throwing items.
Your paws allow you to move quietly. (Stealth)
You have sharp claws.
You have razor-sharp teeth.
You have supernaturally acute eyesight. (SInv)
You are carnivorous and can eat meat at any time.
You cover ground quickly.
Your thick and shaggy fur keeps you warm. (AC +3, rC+)
You have a slow metabolism.
Your sharp claws are effective at attacking unaware monsters.


Message History

The green death gestures at you.
You are engulfed in poison gas.
You are poisoned.
You feel sick.
Asterion is engulfed in noxious fumes.
You feel sick.
Asterion is engulfed in noxious fumes.
Asterion is engulfed in noxious fumes.
Asterion appears confused.
Asterion is engulfed in noxious fumes.
Asterion chortles and stares into space.
You feel better.
Asterion is engulfed in noxious fumes.
Casting: Blink (safe; 1% risk of failure)
Confirm with . or Enter, or press ? or * to list all spells.
Aiming: Orb of Destruction (safe; 1% risk of failure)
Press: ? - help, Shift-Dir - straight line, f - Asterion
Aim: Asterion, wielding a +0 morningstar of crushing, wearing a +1 scale mail of cold resistance and wearing a +0 shield (noxious fumes, moderately wounded, fast, poisoned, confused) Asterion is engulfed in noxious fumes.
Asterion appears confused.
The green death gestures at you. The poison arrow hits you!!
You are poisoned.
Ouch! That really hurt!
You die...

####### #............
##.....##########..##########
#.......'..........#
#.......###.#####..#
#.......# #.# #..# #.......#
#.#####..####
#.......###.#.8..∩..8.# ##
#.......+..........##.#
.####.....).....@.........#
...#.)..)#.))..*#####..####
....)...###..°..# #).#
........# #.....#####.(#
#.....### ###.§§○☼○....##
##...## ##§§#####...#
#..#..### ###§§2# ##>.#
..###...# #..§§§# ####''##
### ###.###.)...###......##


You could see a green death.

Vanquished Creatures
  Margery (Depths:1)
  Gastronok (Lair:1)
  A tengu reaver (Vaults:1)
  Agnes (D:15)
  The ghost of Faoroateink the Geomancer, an adept GrEE of Vehumet (D:14)
  12 nagarajas (Snake:4)
  2 fire giants (Depths:1)
  Kirke (D:14)
  2 frost giants
  A deep elf sorcerer (Elf:2)
  3 vault wardens
  3 orc warlords (Orc:2)
  5 ironheart preservers
  An entropy weaver (Vaults:2)
  5 stone giants
  A vampire knight (Depths:1)
  A deep elf demonologist (Vaults:1)
  Nessos (D:13)
  A deep elf annihilator (Elf:1)
  2 ettins
  Snorg (D:10)
  9 fire dragons
  4 yaktaur captains
  Josephine (Shoals:1)
  4 ogre magi
  6 ice dragons
  Harold (D:10)
  3 rakshasas
  4 great orbs of eyes
  4 vault guards
  6 hydras
  21 naga warriors
  5 anacondas
  12 centaur warriors
  A spectral tengu (D:14)
  2 catoblepae
  A spectral stone giant (D:14)
  A merfolk aquamancer (Shoals:1)
  A spectral frost giant (D:13)
  21 two-headed ogres
  7 dancing weapons
  4 orc high priests (Orc:2)
  4 tengu warriors
  A vampire mage (Depths:1)
  9 shock serpents
  Urug (D:12)
  5 death yaks
  Sonja (Lair:1)
  14 naga sharpshooters
  9 hell knights
  A shadow wraith (Vaults:2)
  10 deep elf knights
  A spectral yaktaur (D:14)
  A salamander mystic (Snake:2)
  5 skeletal warriors (D:15)
  4 unseen horrors
  A sea snake (Shoals:1)
  3 deep trolls (Vaults:4)
  2 glowing orange brains
  6 wizards
  2 flayed ghosts
  8 naga ritualists
  10 ironbrand convokers
  4 deep elf archers
  A lindwurm (Lair:6)
  9 orc knights
  12 mana vipers
  6 necromancers
  A tengu skeleton (Vaults:3)
  13 ugly things
  6 cyclopes
  8 wolf spiders
  A fire giant zombie (D:14)
  A wolf spider (shapeshifter) (Vaults:2)
  37 deep elf magi
  5 salamanders
  An elephant (shapeshifter) (Vaults:2)
  6 orc sorcerers
  3 manticores (D:7)
  20 naga magi
  A stone giant skeleton (Vaults:3)
  33 black mambas
  4 centaur zombies
  11 vault sentinels
  8 elephants
  Joseph (D:7)
  4 gargoyles
  5 guardian serpents
  5 ice statues
  3 molten gargoyles (Lair:6)
  7 spiny frogs
  A spiny frog (shapeshifter) (Vaults:2)
  2 efreet
  2 human zombies (Vaults:3)
  10 yaktaurs
  2 rime drakes
  11 komodo dragons
  8 freezing wraiths
  5 kobold demonologists
  A komodo dragon (shapeshifter) (Vaults:1)
  The ghost of hitsuchi the Changer, a novice OpTm of Makhleb (D:5)
  2 human skeletons (Vaults:3)
  A spark wasp simulacrum (D:14)
  5 tengu conjurers
  A queen bee (D:10)
  3 merfolk (Shoals:1)
  A tengu simulacrum (D:14)
  8 trolls
  A wind drake (Shoals:1)
  17 polar bears
  4 hornets
  21 slime creatures
  A stone giant simulacrum (Vaults:3)
  An ice dragon zombie (D:14)
  11 hippogriffs
  17 dream sheep
  A hippogriff (shapeshifter) (Depths:1)
  A centaur simulacrum (D:15)
  A spriggan (Lair:4)
  A vampire (D:14)
  6 wraiths
  2 wyverns
  3 redbacks
  A tarantella (Orc:1)
  35 yaks
  A yak (shapeshifter) (Depths:1)
  A hog (shapeshifter) (Vaults:2)
  3 water elementals
  8 hogs
  19 humans (D:13)
  10 basilisks
  A human (shapeshifter) (Vaults:2)
  4 golden eyes (Slime:1)
  4 steam dragons
  2 vampire mosquitoes (D:10)
  4 hungry ghosts
  5 wargs
  82 nagas
  A soldier ant (shapeshifter) (Vaults:3)
  A soldier ant (D:9)
  6 hell hounds
  An acid dragon (D:14)
  16 water moccasins
  A tengu zombie (D:14)
  4 porcupines
  5 sky beasts
  5 black bears (D:7)
  16 ice beasts
  56 orc warriors
  4 eyes of draining
  A boggart (shapeshifter) (Depths:1)
  2 necrophages (D:9)
  2 phantoms
  23 wolves
  9 boggarts
  27 ogres
  17 centaurs
  15 crocodiles
  8 big kobolds
  19 bullfrogs
  2 earth elementals (Elf:1)
  3 scorpions
  A water moccasin zombie (D:7)
  26 killer bees
  2 howler monkeys
  9 electric eels
  4 crimson imps
  6 bullfrog zombies
  5 lava snakes (Lair:6)
  10 hounds
  2 human simulacra (Vaults:3)
  Crazy Yiuf (D:5)
  8 centaur skeletons
  3 jellies (D:9)
  5 bullfrog skeletons
  A gnoll shaman (D:7)
  30 orc wizards
  30 orc priests
  5 iguanas
  11 worker ants
  3 hell rats (Lair:6)
  A killer bee zombie (D:5)
  A hound skeleton (D:7)
  2 hound zombies
  A howler monkey zombie (D:8)
  2 worker ant zombies
  18 gnolls
  A howler monkey skeleton (D:5)
  9 adders
  3 river rats (Lair:6)
  4 shadow imps
  12 white imps (D:14)
  7 oozes
  3 adder skeletons
  4 dart slugs
  3 leopard geckos
  110 orcs
  4 giant cockroaches
  4 goblins
  4 hobgoblins
  16 jackals
  3 quokkas
  3 bats
  4 frilled lizards
  A giant cockroach zombie (D:5)
  2 jackal skeletons (D:6)
  27 kobolds
  11 rats
  15 fulminant prisms
  A fungus (Lair:4)
  A plant (D:5)
1494 creatures vanquished.

Vanquished Creatures (collateral kills)
  Saint Roka (Snake:2)
  A tentacled monstrosity (Vaults:4)
  A storm dragon (Vaults:4)
  2 vault wardens (Vaults:4)
  2 very ugly things (Vaults:3)
  A stone giant (Depths:1)
  A yaktaur captain (Vaults:1)
  3 vault guards (Vaults:4)
  An ice dragon (Depths:1)
  An ogre mage (Depths:1)
  4 two-headed ogres
  2 tengu warriors (Depths:1)
  3 hell knights (Depths:1)
  2 deep elf knights
  A deep elf archer (Elf:2)
  3 orc knights
  An ironbrand convoker (Vaults:4)
  7 ugly things
  5 deep elf magi
  A merfolk siren (Shoals:1)
  8 yaktaurs
  A polar bear (IceCv)
  A jumping spider (shapeshifter) (Depths:1)
  Grinder (D:3)
  A wolf (IceCv)
  A slime creature (Vaults:2)
  An air elemental (Elf:2)
  A yak (IceCv)
  Eustachio (D:5)
  A hog (shapeshifter) (Vaults:4)
  A warg (Vaults:3)
  11 orc warriors
  A boggart (Vaults:2)
  3 ogres
  4 crimson imps
  3 orc priests
  A bullfrog skeleton (D:6)
  5 orc wizards
  Ijyb (D:3)
  A worker ant (D:6)
  2 gnolls (D:8)
  A shadow imp (D:5)
  A worm (shapeshifter) (Vaults:2)
  7 orcs
  A giant cockroach (D:6)
  A quokka (D:6)
  A fulminant prism (Vaults:1)
105 creatures vanquished.

Vanquished Creatures (others)
  An ironheart preserver (Vaults:4)
  3 two-headed ogres
  A tengu warrior (Depths:1)
  4 hell knights (Depths:1)
  A deep elf knight (Elf:2)
  A wizard (D:15)
  2 ironbrand convokers
  An orc knight (Vaults:3)
  A deep elf mage (Vaults:4)
  An ugly thing (Vaults:3)
  A polar bear (IceCv)
  An orc warrior (Vaults:3)
  2 centaurs (Depths:1)
  An electric eel (D:9)
  2 orc wizards
  480 fulminant prisms
  6 fungi
  18 plants
527 creatures vanquished.

Grand Total: 2126 creatures vanquished

Notes
Turn   | Place    | Note
-------+----------+-------------------------------------------
     0 | D:1      | Lemonice the Felid Wizard began the quest for the Orb.
     0 | D:1      | Reached XP level 1. HP: 7/7 MP: 5/5
    42 | D:1      | Reached skill level 1 in Conjurations
   369 | D:1      | Reached XP level 2. HP: 11/11 MP: 5/7
  1372 | D:2      | Reached XP level 3. HP: 7/14 MP: 1/8
  1538 | D:2      | Learned a level 2 spell: Call Imp
  1542 | D:2      | Learned a level 3 spell: Conjure Flame
  1950 | D:2      | Found a glowing golden altar of the Shining One.
  2191 | D:2      | Found a burning altar of Makhleb.
  2388 | D:3      | Noticed Grinder
  2722 | D:3      | Noticed an eye of draining
  2765 | D:3      | JESUS CHRIST
  3316 | D:3      | Noticed Ijyb
  3618 | D:3      | Reached XP level 4. HP: 18/18 MP: 2/10
  3870 | D:3      | Learned a level 3 spell: Mephitic Cloud
  3964 | D:3      | Noticed an eye of draining
  3965 | D:3      | Found a bloodstained altar of Trog.
  3965 | D:3      | Noticed an eye of draining
  4105 | D:3      | Paralysed by Grinder for 5 turns
  4108 | D:3      | Slain by Grinder
  4109 | D:3      | Reached XP level 3. HP: -2/14 MP: 4/8
  4425 | D:3      | Killed Ijyb
  4537 | D:3      | Reached XP level 4. HP: 18/18 MP: 2/10
  4747 | D:3      | Killed Grinder
  4747 | D:3      | Reached skill level 1 in Air Magic
  4747 | D:3      | Reached skill level 1 in Poison Magic
  4747 | D:3      | Reached XP level 5. HP: 21/21 MP: 8/11
  5049 | D:4      | Gained mutation: You are covered in thick fur. (AC +2)
                  | [Felid growth]
  5049 | D:4      | Reached XP level 6. HP: 24/24 MP: 4/12
  6234 | D:4      | Reached skill level 5 in Stealth
  6234 | D:4      | Reached XP level 7. HP: 27/27 MP: 2/14
  6325 | D:4      | Learned a level 2 spell: Blink
  6607 | D:5      | Entered Level 5 of the Dungeon
  6881 | D:5      | Learned a level 2 spell: Poisonous Vapours
  6991 | D:5      | Reached skill level 5 in Dodging
  6991 | D:5      | Reached skill level 1 in Evocations
  7124 | D:5      | Found a transporter.
  7124 | D:5      | Noticed hitsuchi's ghost (novice OpTm)
  7422 | D:5      | Found a hide-covered altar of Uskayaw.
  7452 | D:5      | Found a transporter.
  7490 | D:5      | Found a stormy altar of Qazlal.
  7492 | D:5      | Noticed a water elemental
  7493 | D:5      | Noticed a fire elemental
  7493 | D:5      | Noticed an air elemental
  7722 | D:5      | Found a sacrificial altar of Ru.
  7725 | D:5      | Noticed Eustachio
  7757 | D:5      | Killed Eustachio
  7757 | D:5      | Reached XP level 8. HP: 31/31 MP: 15/15
  7827 | D:5      | Found a runed translucent door.
  7828 | D:5      | Noticed Crazy Yiuf
  7848 | D:5      | Killed Crazy Yiuf
  7848 | D:5      | Reached skill level 5 in Conjurations
  8014 | D:5      | Noticed a troll
  8057 | D:5      | Killed a troll
  8374 | D:5      | Found a glowing silver altar of Zin.
  9020 | D:6      | Reached skill level 5 in Spellcasting
  9605 | D:6      | Reached XP level 9. HP: 34/34 MP: 16/17
 10235 | D:6      | Got a clouded wooden ring
 10694 | D:7      | Found an opulent altar of Gozag.
 11281 | D:7      | Found a huge runed translucent gate.
 11281 | D:7      | Found a huge runed translucent gate.
 11281 | D:7      | Found a huge runed translucent gate.
 11281 | D:7      | Found a huge runed translucent gate.
 11281 | D:7      | Noticed a death yak
 11281 | D:7      | Noticed a manticore
 11281 | D:7      | Noticed a manticore
 11281 | D:7      | Noticed a manticore
 11282 | D:7      | Noticed a polar bear
 11282 | D:7      | Noticed a polar bear
 11282 | D:7      | Noticed a polar bear
 11345 | D:7      | Found a staircase to the Ecumenical Temple.
 11608 | Temple   | Entered the Ecumenical Temple
 11732 | Temple   | Became a worshipper of Vehumet
 12017 | D:7      | Noticed Joseph
 12032 | D:7      | Killed Joseph
 12472 | D:8      | Found Laonan's Food Shop.
 12993 | D:8      | Reached * piety under Vehumet
 12993 | D:8      | Offered knowledge of Sting by Vehumet.
 13154 | D:8      | Reached XP level 10. HP: 37/37 MP: 10/20
 14680 | D:9      | Noticed a two-headed ogre
 14689 | D:9      | Offered knowledge of Freeze by Vehumet.
 14714 | D:9      | Killed a two-headed ogre
 14714 | D:9      | Reached ** piety under Vehumet
 15812 | D:9      | Noticed a tengu warrior
 15929 | D:9      | Killed a tengu warrior
 15929 | D:9      | Reached skill level 10 in Stealth
 16542 | D:9      | Reached XP level 11. HP: 40/40 MP: 22/22
 16779 | D:9      | Offered knowledge of Stone Arrow by Vehumet.
 16794 | D:9      | Learned a level 3 spell: Stone Arrow
 17035 | D:10     | Entered Level 10 of the Dungeon
 17078 | D:10     | Noticed a six-headed hydra
 17187 | D:9      | Identified the ring of Cadghanie {*Slow +Fly Str+9 Stlth+}
                  | (You found it on level 6 of the Dungeon)
 17237 | D:10     | Noticed Harold
 17399 | D:10     | Reached *** piety under Vehumet
 17725 | D:10     | Reached skill level 1 in Fire Magic
 17736 | D:10     | Reached skill level 1 in Earth Magic
 18012 | D:10     | Noticed Snorg
 18039 | D:10     | Killed Snorg
 18315 | D:10     | Noticed an unseen horror
 18319 | D:10     | Killed an unseen horror
 18384 | D:10     | Offered knowledge of Dazzling Spray by Vehumet.
 18389 | D:10     | Learned a level 3 spell: Dazzling Spray
 18656 | D:10     | Killed a six-headed hydra
 18656 | D:10     | Reached skill level 10 in Dodging
 19181 | D:10     | Noticed a purple ugly thing
 19181 | D:10     | Noticed a catoblepas
 19228 | D:10     | Killed a purple ugly thing
 19233 | D:10     | Noticed a two-headed ogre
 19384 | D:10     | Killed Harold
 19384 | D:10     | Reached skill level 10 in Conjurations
 19385 | D:10     | Noticed a deep elf mage
 19502 | D:10     | Killed a deep elf mage
 19664 | D:10     | Killed a two-headed ogre
 19761 | D:10     | Killed a catoblepas
 19761 | D:10     | Gained mutation: Your thick and shaggy fur keeps you warm.
                  | (AC +3, rC+) [Felid growth]
 19761 | D:10     | Reached XP level 12. HP: 24/44 MP: 18/24
 20306 | D:11     | Noticed a tengu warrior
 20307 | D:11     | Reached skill level 1 in Hexes
 20412 | D:11     | Reached **** piety under Vehumet
 20488 | D:11     | Offered knowledge of Force Lance by Vehumet.
 20505 | D:10     | Learned a level 4 spell: Force Lance
 20635 | D:11     | Reached skill level 2 in Hexes
 20641 | D:11     | Killed a tengu warrior
 21008 | D:11     | Reached skill level 3 in Hexes
 21441 | D:11     | Reached skill level 4 in Hexes
 21556 | D:11     | Noticed a death yak
 21571 | D:11     | Killed a death yak
 21608 | D:11     | Noticed a death yak
 21610 | D:11     | Noticed a death yak
 21649 | D:11     | Killed a death yak
 21649 | D:11     | Reached skill level 5 in Hexes
 21769 | D:11     | Learned a level 3 spell: Confuse
 22014 | D:11     | Killed a death yak
 22177 | D:11     | Reached skill level 6 in Hexes
 22878 | D:11     | Noticed an ice dragon
 22969 | D:11     | Found a staircase to the Lair.
 23093 | D:11     | Found a shadowy altar of Dithmenos.
 23132 | D:11     | Ice statues and ice dragon
 23133 | Lair:1   | Entered Level 1 of the Lair of Beasts
 23413 | Lair:1   | Noticed Sonja
 23417 | Lair:1   | Killed Sonja
 23848 | Lair:1   | Noticed Gastronok
 24436 | Lair:1   | Killed Gastronok
 24586 | Lair:1   | Noticed a four-headed hydra
 24629 | Lair:1   | Killed a four-headed hydra
 24629 | Lair:1   | Reached XP level 13. HP: 47/47 MP: 24/26
 25065 | Lair:1   | Reached skill level 7 in Hexes
 26182 | Lair:2   | Found a dark tunnel.
 26875 | Lair:3   | Reached ***** piety under Vehumet
 27053 | Lair:3   | Reached skill level 8 in Hexes
 27223 | Lair:3   | Offered knowledge of Fulminant Prism by Vehumet.
 27229 | Lair:3   | Learned a level 4 spell: Fulminant Prism
 28106 | Lair:4   | Found a staircase to the Snake Pit.
 28259 | Lair:4   | Found a staircase to the Shoals.
 29249 | Lair:4   | Reached skill level 9 in Hexes
 29862 | Lair:5   | HP: 1/47 [crocodile (40)]
 30341 | D:12     | Found a staircase to the Orcish Mines.
 30587 | D:12     | Noticed Urug
 31644 | D:12     | Reached skill level 10 in Hexes
 31748 | D:12     | Killed Urug
 33157 | D:13     | Reached XP level 14. HP: 41/51 MP: 27/28
 33456 | D:13     | Reached skill level 11 in Hexes
 34498 | D:13     | Offered knowledge of Poison Arrow by Vehumet.
 35237 | D:13     | Found a gate to the Vaults.
 35283 | D:13     | Found a bloodstained altar of Trog.
 35465 | D:13     | Noticed Nessos
 35507 | D:13     | Killed Nessos
 35955 | D:14     | Found a runed translucent gate.
 35955 | D:14     | Found a runed translucent gate.
 35955 | D:14     | Found a runed translucent gate.
 36018 | D:14     | Noticed Faoroateink's ghost (adept GrEE)
 36022 | D:14     | Found a frozen archway.
 36109 | IceCv    | Entered an ice cave
 36119 | IceCv    | Reached skill level 12 in Hexes
 36516 | IceCv    | Reached skill level 10 in Spellcasting
 37323 | IceCv    | Noticed a frost giant
 37337 | IceCv    | Killed a frost giant
 38785 | D:14     | Noticed Kirke
 39376 | D:14     | Found a glowing golden altar of the Shining One.
 39560 | D:14     | Offered knowledge of Lightning Bolt by Vehumet.
 39736 | D:14     | Killed Kirke
 39736 | D:14     | Reached skill level 13 in Hexes
 40408 | Orc:1    | Entered Level 1 of the Orcish Mines
 41357 | Orc:1    | Reached XP level 15. HP: 54/54 MP: 30/30
 41418 | Orc:2    | Entered Level 2 of the Orcish Mines
 42437 | Orc:2    | Found a roughly hewn altar of Beogh.
 42679 | Orc:2    | Found Putetim's Assorted Antiques.
 42687 | Orc:2    | Bought a potion of heal wounds for 115 gold pieces
 42687 | Orc:2    | Bought a potion of heal wounds for 115 gold pieces
 42905 | Orc:2    | Found Bydo's Jewellery Shop.
 42905 | Orc:2    | Noticed an orc warlord
 43022 | Orc:2    | Killed an orc warlord
 43022 | Orc:2    | Reached skill level 15 in Stealth
 43525 | Orc:2    | Noticed an orc warlord
 43544 | Orc:2    | Killed an orc warlord
 44112 | Orc:2    | Identified a scroll of acquirement
 44118 | Orc:2    | Got a transparent zirconium amulet
 44121 | Orc:2    | Identified the amulet "Guruiggayla" {Acrobat Slay+2} (You
                  | acquired it on level 2 of the Orcish Mines)
 45012 | Orc:2    | Found Ozuon's Armour Shoppe.
 45016 | Orc:2    | Reached skill level 14 in Hexes
 45267 | Orc:2    | Offered knowledge of Lee's Rapid Deconstruction by Vehumet.
 45418 | Orc:2    | Noticed an orc warlord
 45561 | Orc:2    | Killed an orc warlord
 46143 | Orc:2    | Found Veril's Book Emporium.
 46236 | Orc:2    | Bought a book of Enchantments for 650 gold pieces
 46545 | Orc:2    | Found a roughly hewn altar of Beogh.
 46851 | Orc:2    | Found a staircase to the Elven Halls.
 48826 | Lair:6   | Entered Level 6 of the Lair of Beasts
 48984 | Lair:6   | Offered knowledge of Ozocubu's Refrigeration by Vehumet.
 49897 | Lair:6   | Reached skill level 15 in Hexes
 50454 | Lair:6   | Found a viscous altar of Jiyva.
 50454 | Lair:6   | Found a staircase to the Slime Pits.
 51621 | Lair:6   | Found a large runed translucent door.
 51621 | Lair:6   | Found a large runed translucent door.
 52112 | Slime:1  | Entered Level 1 of the Pits of Slime
 52127 | Slime:1  | Noticed an acid blob
 52287 | Shoals:1 | Entered Level 1 of the Shoals
 52303 | Shoals:1 | Noticed Josephine
 52307 | Shoals:1 | Reached XP level 16. HP: 50/57 MP: 12/32
 52313 | Shoals:1 | Killed Josephine
 52320 | Lair:4   | Reached ****** piety under Vehumet
 54042 | D:15     | Entered Level 15 of the Dungeon
 54099 | D:15     | Reached skill level 15 in Dodging
 54619 | D:15     | Reached skill level 16 in Hexes
 54764 | D:15     | Offered knowledge of Orb of Destruction by Vehumet.
 54949 | D:15     | Noticed Agnes
 55216 | D:15     | Found Wamoitib's Armour Boutique.
 55801 | D:15     | Killed Agnes
 56285 | D:15     | Found a staircase to the Depths.
 57065 | D:15     | Learned a level 7 spell: Orb of Destruction
 57275 | Depths:1 | Entered Level 1 of the Depths
 57771 | Snake:1  | Entered Level 1 of the Snake Pit
 58007 | Snake:1  | Learned a level 4 spell: Iskenderun's Mystic Blast
 58278 | Snake:1  | Reached skill level 15 in Conjurations
 59289 | Snake:2  | Found a white marble altar of Elyvilon.
 60056 | Snake:2  | Offered knowledge of Bolt of Cold by Vehumet.
 60245 | Snake:2  | Reached skill level 17 in Hexes
 61117 | Snake:2  | Noticed Saint Roka
 62160 | Snake:2  | Killed Saint Roka
 62495 | Snake:2  | Found a sparkling altar of Nemelex Xobeh.
 62739 | Snake:2  | Reached XP level 17. HP: 42/60 MP: 21/33
 62848 | Snake:2  | HP: 3/60 [naga sharpshooter/bolt (38)]
 64826 | Snake:3  | Found a shimmering altar of Xom.
 65633 | Snake:4  | Entered Level 4 of the Snake Pit
 66436 | Snake:4  | Reached skill level 18 in Hexes
 67473 | Snake:4  | Offered knowledge of Lehudib's Crystal Spear by Vehumet.
 67473 | Snake:4  | Offered knowledge of Glaciate by Vehumet.
 67473 | Snake:4  | Offered knowledge of Chain Lightning by Vehumet.
 71291 | Snake:4  | Reached XP level 18. HP: 38/64 MP: 31/35
 71456 | Snake:4  | Reached skill level 19 in Hexes
 71585 | Snake:4  | Got a serpentine rune of Zot
 71716 | Snake:4  | HP: 1/64 [shock serpent/bolt of electricity (33)]
 72085 | Snake:4  | Identified the +1 robe of Experimentation {rN+ Int-5 Dex+4}
 72119 | Snake:4  | Reached skill level 5 in Earth Magic
 73418 | Vaults:1 | Entered Level 1 of the Vaults
 73551 | Vaults:1 | Noticed a golden dragon
 73551 | Vaults:1 | an alligator snapping turtle changed into a golden dragon
 73639 | Vaults:1 | Found Xyenliots's Weapon Shop.
 73675 | Vaults:1 | Noticed a caustic shrike
 73675 | Vaults:1 | an iron dragon changed into a caustic shrike
 73681 | Vaults:1 | a caustic shrike changed into an iron dragon
 73682 | Vaults:1 | Noticed an iron giant
 73682 | Vaults:1 | an iron dragon changed into an iron giant
 73686 | Vaults:1 | Noticed a golden dragon
 73686 | Vaults:1 | an iron giant changed into a golden dragon
 73688 | Vaults:1 | Noticed an iron giant
 73688 | Vaults:1 | a golden dragon changed into an iron giant
 73696 | Vaults:1 | an iron giant changed into a shadow dragon
 73811 | Vaults:1 | Learned a level 8 spell: Discord
 76746 | Vaults:2 | Reached skill level 20 in Hexes
 79052 | Vaults:2 | Found Ubbuot's Book Shoppe.
 79153 | Vaults:2 | Bought a book of the Warp for 1260 gold pieces
 79363 | Vaults:3 | Found Ronkurush's Weapon Shoppe.
 79638 | Vaults:3 | Reached XP level 19. HP: 67/67 MP: 35/36
 79761 | Vaults:3 | Learned a level 8 spell: Lehudib's Crystal Spear
 81044 | Vaults:3 | Identified the +5 hunting sling "Fuloovis" {freeze, rC++
                  | MR+ Int-4 Stlth+}
 81749 | Vaults:3 | Found a staircase to the Crypt.
 81749 | Vaults:3 | Found an ancient bone altar of Kikubaaqudgha.
 81750 | Vaults:3 | Found a basalt altar of Yredelemnul.
 83879 | Vaults:4 | Reached skill level 21 in Hexes
 87434 | D:14     | Killed Faoroateink's ghost
 89721 | Depths:1 | Reached skill level 10 in Earth Magic
 89980 | Depths:1 | Found a gateway to Hell.
 89980 | Depths:1 | Noticed Margery
 89990 | Depths:1 | Killed Margery
 89990 | Depths:1 | Reached XP level 20. HP: 70/70 MP: 9/38
 90330 | Depths:1 | Found a runed translucent gate.
 90330 | Depths:1 | Found a runed translucent gate.
 90330 | Depths:1 | Found a runed translucent gate.
 90330 | Depths:1 | Found a runed translucent gate.
 90330 | Depths:1 | Found a runed translucent gate.
 90330 | Depths:1 | Found a runed translucent gate.
 90331 | Depths:1 | Found the +2 Maxwell's thermic engine {flame, freeze}
 90647 | Depths:1 | Killed from afar by a fire giant
 90648 | Depths:1 | Reached XP level 19. HP: -12/67 MP: 40/46
 92514 | D:5      | Killed hitsuchi's ghost
 93152 | Elf:1    | Entered Level 1 of the Elven Halls
 93315 | Elf:1    | Found Usiuwk's Antique Armour Emporium.
 94490 | Elf:1    | Identified Ofoin's Papyrus of Confrontation
 94777 | Elf:2    | Found Wuarrun's Book Shop.
 95045 | Elf:2    | Found Qief Sexko's Jewellery Shop.
 95074 | Elf:2    | Found a flickering gateway to a bazaar.
 95080 | Bazaar   | Entered a bazaar
 95080 | Bazaar   | Found Itanlo's Food Emporium.
 95080 | Bazaar   | Found Ihauf's Antique Weapon Emporium.
 95084 | Bazaar   | Found Vasuiwod's General Store.
 95352 | Bazaar   | Found Qotuf's Assorted Antiques.
 95356 | Bazaar   | Bought a scroll of identify for 48 gold pieces
 95356 | Bazaar   | Bought a paperback book for 360 gold pieces
 95356 | Bazaar   | Found Qumic's Antique Weapon Shop.
 95373 | Bazaar   | Bought a fuming coppery potion for 21 gold pieces
 95751 | Elf:2    | Found Japn's Food Shoppe.
 95945 | Elf:2    | Found a huge runed translucent gate.
 95945 | Elf:2    | Found a huge runed translucent gate.
 95945 | Elf:2    | Found a huge runed translucent gate.
 95945 | Elf:2    | Found a huge runed translucent gate.
 95947 | Elf:2    | Found a huge runed translucent gate.
 95954 | Elf:2    | Reached skill level 22 in Hexes
 95958 | Elf:2    | Noticed Asterion
 95990 | Elf:2    | Killed from afar by Asterion
 95991 | Elf:2    | Reached XP level 18. HP: -5/64 MP: 13/45
 96423 | Elf:1    | HP: 1/64 [green death/poison arrow[Asterion] (27)]
 96435 | Elf:1    | Killed from afar by a green death

Levels and vault maps discovered:
D:1:      minmay_arrival_loop, layout_loops_corners, minmay_misc_feat_pillars
D:2:      layout_basic, nicolae_overflow_hidden_temple, tso_oasis_becter,
          serial_park_tiny_1
D:3:      layout_basic, trog_eyes_of_draining, uniq_grinder, uniq_ijyb
D:4:      layout_loops_ring, first_ration
D:5:      cheibrodos_two_vegetables, layout_loops_ring,
          nicolae_qazlal_style_of_elements, kennysheep_mini,
          nicolae_ru_awakened_eye, basic_altar, gammafunk_ghost_arena,
          uniq_eustachio, uniq_crazy_yiuf_cottage
D:6:      layout_basic
D:7:      lemuel_bear_cage, layout_rooms, grunt_gozag_statues,
          minmay_temple_entry_overgrown, uniq_joseph
D:8:      layout_basic, serial_shops, nicolae_shop_trees
D:9:      minmay_imperfect_grid, layout_basic, hangedman_little_slice_of_home
D:10:     minmay_the_grid_plus [minmay_the_grid_small_cups,
          minmay_the_grid_empty, minmay_the_grid_spin_star,
          minmay_the_grid_zigzag_pyramid,
          minmay_the_grid_prize_shrinking_boxes], layout_basic, special_room
          [special_room_bee], hex_intersection, uniq_harold, uniq_snorg
D:11:     minmay_ice_pillars, layout_rooms, dpeg_lair_monsters,
          grunt_dithmenos_shadows
D:12:     layout_irregular_city, orc_0_dummy, uniq_urug
D:13:     layout_roguey, grunt_vaults_entry_tiered, basic_altar, uniq_nessos
D:14:     layout_long_grid, gammafunk_ghost_necromancy,
          portal_ice_cave_entry_imps, tso_altar, uniq_kirke
D:15:     grunt_enter_depths_magical_seal, layout_basic, serial_shops,
          nicolae_shop_trees, hex_intersection, patterned_corridor, uniq_agnes
Temple:   eino_temple_rhombus
Lair:1:   layout_roguey, lemuel_another_geyser, serial_bayou_shore_b,
          grunt_megastairs_2, uniq_gastronok, uniq_sonja
Lair:2:   layout_loops_ring, enter_volcano_3, serial_bayou_lagoon_a,
          chequers_serial_rivers_room_a, st_stairs_13,
          grunt_forest_small_clearing_treed
Lair:3:   layout_loops_ring, lemuel_fruit_tree
Lair:4:   layout_roguey, elwin_shoals_entry_rocks, guppyfry_snake_entry_garden,
          nicolae_quartered_pool_super, grunt_forest_large_clearing_hut
Lair:5:   layout_regular_city, minmay_holes, grunt_megastairs_5
Lair:6:   cheibrodos_lair_end_hotspot, layout_regular_city,
          dpeg_slime_entry_enclosed_altar, kennysheep_abandoned_house
Shoals:1: layout_shoals, uniq_josephine
Snake:1:  layout_misc_corridors
Snake:2:  layout_misc_corridors, hangedman_feature_mirror, serial_bayou_shore_b,
          uniq_saint_roka
Snake:3:  layout_onion_interference, basic_altar, abandoned_shop
Snake:4:  grunt_snake_rune_spirals, layout_onion_interference
Slime:1:  layout_caves
Orc:1:    nicolae_orc_accident_3, layout_caves
Orc:2:    pubby_orc_utopia
Elf:1:    eino_elf_arrival_customs, layout_gridlike, serial_shops, shop_statue,
          minmay_elf_annihilation, roderic_lattice_octagonal_star
Elf:2:    layout_loops_cross, serial_shops, freezing_bzr,
          nicolae_shop_competitors_out_of_business,
          nicolae_shop_temple_entry_statues_fountains, shop, uniq_asterion
Vaults:1: nicolae_vaults_network_quincunx
          [nicolae_vaults_network_quincunx_subvault,
          nicolae_vaults_network_quincunx_subvault,
          nicolae_vaults_network_quincunx_subvault,
          nicolae_vaults_network_quincunx_subvault,
          nicolae_vaults_network_quincunx_subvault], vaults_mumra_bighexcomb,
          nicolae_vaults_specimen_jars, vaults_room_large_hall,
          hangedman_vaults_pinch, dpeg_vaults_monster_box,
          nicolae_vaults_little_squares_6, ontoclasm_vaults_hangar,
          nicolae_vaults_little_squares_3, layout_vaults_omnibox
Vaults:2: hangedman_vaults_snaps, vaults_room_grid, vaults_room_stairs_pillars,
          hangedman_vaults_stitches, nicolae_vaults_little_squares_4,
          vaults_dpeg_hooks, v_misc_12, nicolae_vaults_network_periphery,
          grunt_vaults_diagonal, nicolae_vaults_little_squares_4, v_misc_24,
          ontoclasm_vaults_spin, vaults_room_semicircle, layout_vaults_ring,
          serial_shops, shop
Vaults:3: v_misc_12, ontoclasm_vaults_bender, ontoclasm_vaults_pinch,
          vaults_room_fours, v_misc_3, ontoclasm_vaults_idyll,
          vaults_standard_mumra_lines, vaults_dpeg_ring,
          minmay_crypt_entry_necro_gods, ontoclasm_vaults_idyll,
          ontoclasm_vaults_loading_screen, layout_vaults_omnigrid, serial_shops,
          nicolae_shop_stone
Vaults:4: vaults_dpeg_encased_lava, nicolae_vaults_octagons, vaults_room_boxed,
          nicolae_vaults_ring_of_whatevers, v_misc_3, vaults_room_hallway,
          ontoclasm_vaults_hangar, nicolae_vaults_shelves_hall,
          ontoclasm_vaults_chip, layout_vaults_big_room
Depths:1: layout_basic, minmay_crystal_room, grunt_metal_band, st_stairs_6,
          minmay_misc_feat_x, chequers_serial_rivers_micro_d,
          brannock_guarded_unrand_thermic_engine, serial_bayou_shore_b

Skill      XL: |  1  2  3  4  5  6  7  8  9 10 11 12 13 14 15 16 17 18 19 |
---------------+----------------------------------------------------------+-----
Conjurations   | 1 2 3 4 6 7 8 10 11 12 13 14 15 16 17 18 | 18.5
Stealth        | 3 4 5 6 7 8 10 11 12 13 14 15 16 17 18 | 18.5
Dodging        | 3 4 5 6 8 9 10 11 12 13 14 15 16 | 16.0
Air Magic      | 1 2 3 4 |  4.0
Poison Magic   | 1 2 3 4 |  4.0
Spellcasting   | 4 5 6 7 8 9 10 11 12 13 | 13.0
Evocations     | 2 3 4 |  4.0
Translocations | 3 |  3.1
Fire Magic     | 2 |  2.0
Earth Magic    | 2 4 5 11 | 11.8
Hexes          | 6 10 13 15 17 18 20 22 | 22.0
Summonings     | |  1.0

Action                   |  1- 3 |  4- 6 |  7- 9 | 10-12 | 13-15 | 16-18 | 19-21 || total
-------------------------+-------+-------+-------+-------+-------+-------+-------++-------
Melee: Unarmed           |    42 |    13 |    58 |    30 |    20 |    11 |       ||   174
       Bite              |     3 |     1 |     6 |     3 |     2 |     2 |       ||    17
 Cast: Magic Dart        |    86 |    41 |   174 |   165 |    25 |       |       ||   491
       Conjure Flame     |     6 |    12 |    67 |   109 |    34 |     7 |       ||   235
       Mephitic Cloud    |     2 |     7 |    27 |    38 |    47 |     5 |       ||   126
       Call Imp          |     1 |     7 |    33 |    11 |       |     2 |       ||    54
       Poisonous Vapours |       |       |    89 |   283 |    24 |       |       ||   396
       Blink             |       |       |     9 |     8 |     5 |    22 |    10 ||    54
       Stone Arrow       |       |       |       |   169 |   961 |   482 |       ||  1612
       Dazzling Spray    |       |       |       |     1 |    68 |    35 |    10 ||   114
       Force Lance       |       |       |       |    12 |    47 |    29 |       ||    88
       Confuse           |       |       |       |     4 |   244 |   284 |   136 ||   668
       Fulminant Prism   |       |       |       |       |   121 |   320 |    56 ||   497
       Iskenderun's Myst |       |       |       |       |       |   260 |   406 ||   666
       Orb of Destructio |       |       |       |       |       |   101 |    77 ||   178
       Discord           |       |       |       |       |       |     8 |    26 ||    34
       Lehudib's Crystal |       |       |       |       |       |     2 |       ||     2
 Abil: Evoke Flight      |       |       |       |       |     3 |     1 |       ||     4
       Stop Flying       |       |       |       |       |       |     1 |       ||     1
Evoke: Wand              |       |    11 |     1 |     5 |    63 |    29 |    13 ||   122
       Crystal ball of e |       |       |       |       |     1 |       |       ||     1
       Box of beasts     |       |       |       |       |     1 |     3 |     1 ||     5
       Sack of spiders   |       |       |       |       |       |     2 |     1 ||     3
  Use: Scroll            |       |       |    10 |     7 |    23 |    19 |     7 ||    66
       Potion            |       |       |       |     1 |       |     8 |     6 ||    15
 Stab: Sleeping          |    13 |     1 |     2 |       |       |       |       ||    16
       Confused          |     1 |     1 |     4 |       |     2 |     1 |       ||     9
  Eat: Chunk             |     3 |     9 |    15 |    16 |    54 |    63 |    54 ||   214
       Ration            |       |       |     1 |     3 |       |    18 |     5 ||    27
Armor: Skin              |     3 |       |     4 |     1 |     3 |     3 |     3 ||    17
Dodge: Dodged            |    30 |    11 |    63 |   129 |   175 |   227 |    85 ||   720
